 Dungeon Crawl Stone Soup version 0.20-a0-1025-g4706f7e (webtiles) character file.

59131 nubinia the Eclecticist (level 14, -1/79 HPs)
             Began as a Deep Elf Earth Elementalist on Apr 18, 2017.
             Was an Elder of Ashenzari.
             Slain by a sun demon (17 damage)
             ... summoned by an orc high priest
             ... on level 2 of the Orcish Mines on Apr 19, 2017.
             The game lasted 02:32:12 (26352 turns).

nubinia the Eclecticist (DEEE)                     Turns: 26352, Time: 02:32:12

Health: -1/79      AC: 10    Str:  5    XL:     14   Next: 52%
Magic:  17/46      EV: 15    Int: 23    God:    Ashenzari [****..]
Gold:   1927       SH:  9    Dex: 18    Spells: 18/47 levels left

rFire    + . .     SeeInvis +   z - +4 dagger (speed) (curse)
rCold    + . .     Gourm    .   D - +0 shield (curse)
rNeg     . . .     Faith    .   I - +1 robe {MR+}
rPois    .         Spirit   .   f - +2 hat
rElec    .         Reflect  .   v - +1 cloak
rCorr    .         Harm     .   S - +0 pair of gloves
MR       ++...     Clarity  +   O - +2 pair of boots {run}
Stlth    ++++......             g - amulet of magic regeneration (curse)
Regen    0.3/turn               n - +3 ring of protection (curse)
MPRegen  0.5/turn               Q - ring of magical power

@: about to teleport, corroded, invisible, quick
A: cold resistance 1, fire resistance 1, robust 1
a: Curse Item, Scrying, Renounce Religion


You were on level 2 of the Orcish Mines.
You worshipped Ashenzari.
Ashenzari was greatly pleased with you.
You were not hungry.

You visited 4 branches of the dungeon, and saw 19 of its levels.
You also visited: Sewer, Ossuary and Volcano.

You collected 1927 gold pieces.

Inventory:

Hand Weapons
 z - a cursed +4 dagger of speed (weapon)
Missiles
 b - 88 stones (quivered)
Armour
 f - a +2 hat (worn)
 v - a +1 cloak (worn)
 D - a cursed +0 shield (worn)
 I - a +1 robe of magic resistance (worn)
 O - a +2 pair of boots of running (worn)
 S - a +0 pair of gloves (worn)
 U - a scarf of cold resistance
Jewellery
 g - a cursed amulet of magic regeneration (around neck)
 n - a cursed +3 ring of protection (left hand)
 t - an uncursed ring of ice
 u - a +3 ring of evasion
 B - an uncursed ring of protection from fire
 K - an uncursed ring of poison resistance
 Q - a ring of magical power (right hand)
 W - a +3 ring of strength
Wands
 c - a wand of confusion (6/48)
 e - a wand of scattershot (5/9)
 x - a wand of iceblast (7/15)
 A - a wand of iceblast (12/15)
 E - a wand of flame (23/48)
 R - a wand of acid (4/15)
Scrolls
 h - 2 scrolls of amnesia
 m - a scroll of remove curse
 q - a scroll of blinking
 y - a scroll of fear
 F - 2 scrolls of recharging
 H - a scroll of magic mapping
 T - 7 scrolls of identify
 V - a scroll of teleportation
Potions
 i - 2 potions of ambrosia
 j - 2 potions of magic
 l - 6 potions of brilliance
 p - 3 potions of berserk rage
 s - 2 potions of invisibility
 w - 8 potions of curing
 C - 2 potions of cancellation
 J - 4 potions of resistance
 L - a potion of flight
 M - 2 potions of mutation
 N - 3 potions of might
 P - 4 potions of agility
 Y - 2 potions of haste
Miscellaneous
 a - a sack of spiders
 r - a lightning rod (4/4)
Comestibles
 d - 19 bread rations
 k - 6 royal jellies
 o - 13 meat rations
 G - 4 chunks of flesh
 Z - 17 fruits


   Skills:
 + Level 2.8 Fighting
 + Level 6.4(10.0) Short Blades
 + Level 6.5 Dodging
 + Level 8.7 Stealth
 + Level 4.6(6.8) Shields
 + Level 17.0 Spellcasting
 * Level 11.5(13.5) Conjurations
 * Level 12.6(14.5) Charms
 + Level 2.2(4.0) Transmutations
 + Level 12.8(14.7) Earth Magic
 + Level 2.1(3.9) Evocations


You had 18 spell levels left.
You knew the following spells:

 Your Spells              Type           Power        Failure   Level  Hunger
a - Sandblast             Erth           ######       1%          1    None
b - Stone Arrow           Conj/Erth      ######       1%          3    None
c - Petrify               Tmut/Erth      ######..     1%          4    None
d - Iron Shot             Conj/Erth      ######....   3%          6    ####...
i - Iskenderun's Battles  Conj/Chrm      ######..     1%          5    #......
l - Lee's Rapid Deconstr  Erth           ######....   1%          5    #......
o - Ozocubu's Armour      Chrm/Ice       ######..     1%          3    None
p - Passwall              Tmut/Erth      ######....   1%          2    None


Dungeon Overview and Level Annotations

Branches:
Dungeon (10/15)            Temple (1/1) D:4            Lair (6/6) D:9
 Shoals (0/4) Lair:3        Snake (0/4) Lair:3        Slime (0/5) Lair:6
    Orc (2/2) D:10            Elf (0/3) Orc:2

Altars:
Ashenzari
Cheibriados
Dithmenos
Elyvilon
Fedhas
Gozag
Hepliaklqana
Kikubaaqudgha
Makhleb
Nemelex Xobeh
Okawaru
Qazlal
Ru
Sif Muna
Trog
Uskayaw
Vehumet
Wu Jian
Xom
Yredelemnul
Zin
The Shining One
Beogh

Shops:
D:7 :   D:8 *   Orc:2 ?

Annotations:
D:6 derval's ghost, novice DECj
D:8 Joseph
Lair:1 exclusion: oklob plant
Lair:3 exclusion: oklob plant


Innate Abilities, Weirdness & Mutations

Your flesh is cold resistant. (rC+)
Your flesh is heat resistant. (rF+)
You are robust. (+10% HP)


Message History

Unknown command.
Casting: Sandblast
Confirm with . or Enter, or press ? or * to list all spells.
Aiming: Sandblast
Press: ? - help, Shift-Dir - straight line, f/p - sun demon
Aim: a sun demon (almost dead, summoned)
The blast of sand misses the sun demon.
The blast of sand hits the orc high priest.
The orc high priest is moderately wounded.
b - 88 stones Your battlesphere fires!
The barrage of energy hits the orc high priest.
The orc high priest is heavily wounded.
The sun demon completely misses you. You block the sun demon's attack.
The rust devil hits you.
* * * LOW HITPOINT WARNING * * *
The rust devil corrodes you!
You fade into invisibility!
The sun demon hits you!
You die...

,∆ #)..#### ## ,
##o).##.##.##
*###....#......#
##.....###....#*
......###....#
.....##..#...##
.{.###...##.#$###
))##........*..4##
.).o.........4.3@#
.)...........#.o##
...........######
............#
.............. *
..............#
...#.........##*
..............,
.............


You could see an orc high priest, a sun demon, a hellwing, a rust devil and a
friendly battlesphere.

Vanquished Creatures
  3 hydras
  3 catoblepae (Lair:6)
  A two-headed ogre (D:10)
  8 death yaks (Lair:6)
  Urug (D:10)
  A sun demon (Volcano)
  A hell knight (Volcano)
  3 orc knights (Orc:2)
  An ugly thing (Volcano)
  2 orc sorcerers
  2 manticores (Lair:6)
  An ice statue (D:9)
  2 merfolk sirens (Lair:3)
  9 elephants
  2 black mambas
  A gargoyle (D:10)
  19 spiny frogs
  A torpor snail (Lair:5)
  3 rime drakes
  6 komodo dragons
  2 polar bears (Lair:4)
  5 ice devils (D:9)
  A red devil (Volcano)
  2 hornets
  4 trolls
  Prince Ribbit (D:8)
  3 blink frogs (Lair:5)
  5 dream sheep (Lair:5)
  5 hippogriffs
  3 spriggans
  A wyvern (Lair:6)
  82 yaks
  Grum (D:8)
  3 basilisks
  2 vampire mosquitoes (D:10)
  2 hungry ghosts (D:10)
  A warg (Orc:1)
  A naga (Lair:3)
  7 water moccasins
  A hell hound (Volcano)
  17 orc warriors
  12 porcupines
  5 phantoms
  4 ice beasts
  9 black bears
  12 ogres
  3 sky beasts
  6 centaurs
  8 wolves
  11 crocodiles
  Blork the orc (D:4)
  20 bullfrogs
  A water moccasin zombie (D:5)
  A scorpion (D:10)
  4 wights (D:6)
  10 howler monkeys
  A crimson imp (D:7)
  2 centaur zombies (Ossuary)
  A bullfrog zombie (D:7)
  7 hounds
  5 jellies
  18 orc wizards
  11 orc priests
  A quasit (D:7)
  A bullfrog skeleton (D:4)
  An iguana (D:9)
  9 worker ants
  A killer bee zombie (D:7)
  4 big kobold zombies (Ossuary)
  A hound zombie (D:9)
  2 mummies (Ossuary)
  A worker ant zombie (D:7)
  20 adders
  2 shadow imps
  7 ufetubi (D:9)
  7 oozes
  An adder zombie (D:5)
  3 adder skeletons
  4 worms
  3 dart slugs
  13 leopard geckos
  55 orcs
  9 bats
  11 giant cockroaches
  9 goblins
  13 hobgoblins
  4 jackals
  8 kobolds
  5 quokkas
  5 ball pythons
  12 frilled lizards
  A gnoll zombie (Ossuary)
  2 goblin zombies (Ossuary)
  2 hobgoblin zombies (Ossuary)
  A jackal zombie (D:5)
  3 orc zombies (Ossuary)
  A quokka skeleton (D:9)
  A quokka zombie (D:6)
  10 rats
604 creatures vanquished.

Vanquished Creatures (others)
  5 fungi
  22 plants
27 creatures vanquished.

Grand Total: 631 creatures vanquished

Notes
Turn   | Place    | Note
-------+----------+-------------------------------------------
     0 | D:1      | nubinia the Deep Elf Earth Elementalist began the quest for the Orb.
     0 | D:1      | Reached XP level 1. HP: 10/10 MP: 6/6
   187 | D:1      | Reached XP level 2. HP: 8/15 MP: 0/8
   294 | D:1      | Learned a level 2 spell: Passwall
  1108 | D:1      | Reached XP level 3. HP: 15/19 MP: 9/9
  1113 | D:1      | Learned a level 3 spell: Stone Arrow
  2425 | D:2      | Reached XP level 4. HP: 15/24 MP: 8/11
  2604 | D:2      | Gained mutation: You are weak. (Str -2) [potion of mutation]
  2604 | D:2      | Gained mutation: You are agile. (Dex +2) [potion of mutation]
  2604 | D:2      | Gained mutation: You have an increased reservoir of magic. (+10% MP) [potion of mutation]
  2822 | D:2      | Lost mutation: You are weak. (Str -2) [potion of mutation]
  2822 | D:2      | Lost mutation: You are agile. (Dex +2) [potion of mutation]
  2822 | D:2      | Lost mutation: You have an increased reservoir of magic. (+10% MP) [potion of mutation]
  2822 | D:2      | Gained mutation: You are robust. (+10% HP) [potion of mutation]
  2822 | D:2      | Gained mutation: Your body sometimes deteriorates upon taking damage. [potion of mutation]
  2822 | D:2      | Gained mutation: You are agile. (Dex +2) [potion of mutation]
  2825 | D:2      | Lost mutation: Your body sometimes deteriorates upon taking damage. [potion of mutation]
  2825 | D:2      | Lost mutation: You are agile. (Dex +2) [potion of mutation]
  2825 | D:2      | Gained mutation: Your flesh is cold resistant. (rC+) [potion of mutation]
  2825 | D:2      | Gained mutation: Your flesh is heat resistant. (rF+) [potion of mutation]
  3644 | D:2      | Found a snail-covered altar of Cheibriados.
  3769 | D:2      | Reached skill level 4 in Spellcasting
  3802 | D:2      | Reached skill level 1 in Short Blades
  3853 | D:2      | Reached XP level 5. HP: 30/30 MP: 11/13
  4004 | D:3      | Found a hazy altar of Hepliaklqana.
  4029 | D:3      | Found a glowing drain.
  4034 | Sewer    | Entered a sewer
  5050 | D:3      | Reached skill level 5 in Earth Magic
  5096 | D:3      | Learned a level 4 spell: Petrify
  5410 | D:4      | Noticed an ogre
  5419 | D:4      | Killed an ogre
  5419 | D:4      | Reached skill level 1 in Conjurations
  5419 | D:4      | Reached XP level 6. HP: 27/36 MP: 8/15
  5621 | D:4      | Reached skill level 5 in Spellcasting
  5885 | D:4      | Reached XP level 7. HP: 40/40 MP: 11/17
  5911 | D:4      | Found a staircase to the Ecumenical Temple.
  5917 | D:4      | Reached skill level 6 in Spellcasting
  6129 | Temple   | Entered the Ecumenical Temple
  6143 | Temple   | Became a worshipper of Ashenzari the Shackled
  6358 | D:4      | Found a stormy altar of Qazlal.
  6798 | D:4      | Noticed Blork the orc
  6838 | D:4      | Killed Blork the orc
  6918 | D:5      | Entered Level 5 of the Dungeon
  6965 | D:5      | Reached skill level 1 in Fighting
  6965 | D:5      | Reached skill level 7 in Spellcasting
  6978 | D:5      | Reached XP level 8. HP: 34/47 MP: 2/21
  7004 | D:5      | Found a sand-covered staircase.
  7070 | Ossuary  | Entered an ossuary
  7240 | Ossuary  | Reached skill level 8 in Spellcasting
  7463 | D:5      | Found a glowing golden altar of the Shining One.
  7656 | D:5      | Found a shattered altar of Ashenzari.
  7829 | D:5      | Found a deep blue altar of Sif Muna.
  7901 | D:5      | Noticed a troll
  7908 | D:5      | Killed a troll
  7908 | D:5      | Reached skill level 5 in Stealth
  8097 | D:6      | Noticed derval's ghost (novice DECj)
  8327 | D:6      | Learned a level 5 spell: Lee's Rapid Deconstruction
  8333 | D:6      | Learned a level 5 spell: Iskenderun's Battlesphere
  8354 | D:6      | Reached XP level 9. HP: 52/52 MP: 16/23
  8373 | D:6      | Found a basalt altar of Yredelemnul.
  8449 | D:6      | Found a bloodstained altar of Trog.
  8622 | D:6      | Found a white marble altar of Elyvilon.
  8752 | D:6      | Reached skill level 1 in Charms
  8897 | D:7      | Reached skill level 9 in Spellcasting
  9315 | D:7      | Reached skill level 5 in Dodging
  9460 | D:7      | Reached skill level 10 in Spellcasting
  9981 | D:7      | Found Sujef's Book Shop.
 10133 | D:7      | Identified a +1 pair of boots of running (You found it on level 7 of the Dungeon)
 10141 | D:7      | Reached XP level 10. HP: 58/58 MP: 22/26
 10227 | D:8      | Found a glowing silver altar of Zin.
 10229 | D:8      | Noticed Grum
 10237 | D:8      | Killed Grum
 10327 | D:8      | Reached skill level 11 in Spellcasting
 10327 | D:8      | Reached skill level 5 in Conjurations
 10509 | D:8      | Learned a level 3 spell: Ozocubu's Armour
 10520 | D:8      | Noticed Joseph
 10734 | D:6      | Reached * piety under Ashenzari
 10934 | D:8      | Noticed Prince Ribbit
 10943 | D:8      | Killed Prince Ribbit
 10943 | D:8      | Reached skill level 5 in Charms
 10950 | D:8      | Found Lemaro Ramu's Changing Room.
 11158 | D:9      | Reached skill level 5 in Short Blades
 11333 | D:9      | Found a staircase to the Lair.
 11371 | D:9      | Reached skill level 12 in Spellcasting
 11394 | D:9      | Found a sacrificial altar of Ru.
 11802 | Lair:1   | Entered Level 1 of the Lair of Beasts
 11828 | Lair:1   | Noticed an oklob plant
 12059 | Lair:1   | Noticed a spiny frog
 12084 | Lair:1   | Killed a spiny frog
 12334 | Lair:1   | Reached XP level 11. HP: 61/63 MP: 18/29
 12563 | Lair:1   | Reached skill level 13 in Spellcasting
 13518 | Lair:2   | Reached skill level 14 in Spellcasting
 13577 | Lair:2   | Reached ** piety under Ashenzari
 13655 | Lair:2   | Reached skill level 1 in Shields
 14619 | Lair:2   | Reached skill level 10 in Earth Magic
 14895 | Lair:3   | Found a dark tunnel.
 14914 | Volcano  | Entered a volcano
 14956 | Volcano  | Noticed a red ugly thing
 14964 | Volcano  | Killed a red ugly thing
 14964 | Volcano  | Reached XP level 12. HP: 50/70 MP: 24/32
 15732 | Lair:3   | Reached *** piety under Ashenzari
 15895 | Lair:3   | Found a staircase to the Snake Pit.
 15907 | Lair:3   | Noticed a seven-headed hydra
 15913 | Lair:3   | Killed a seven-headed hydra
 15913 | Lair:3   | Reached skill level 15 in Spellcasting
 16236 | Lair:3   | Noticed an eight-headed hydra
 16272 | Lair:3   | Killed an eight-headed hydra
 16654 | Lair:3   | Found a staircase to the Shoals.
 17616 | Lair:4   | Reached skill level 10 in Charms
 17776 | Lair:4   | Reached XP level 13. HP: 74/74 MP: 4/34
 18152 | Lair:3   | Upgraded the game from 0.20-a0-1020-g7b9e4fe to 0.20-a0-1025-g4706f7e
 19228 | Lair:5   | Reached skill level 16 in Spellcasting
 19751 | Lair:5   | Reached **** piety under Ashenzari
 20286 | Lair:6   | Entered Level 6 of the Lair of Beasts
 20658 | Lair:6   | Found a staircase to the Slime Pits.
 20710 | Lair:6   | Reached skill level 1 in Evocations
 21370 | Lair:6   | Reached skill level 10 in Conjurations
 22320 | Lair:6   | Reached XP level 14. HP: 79/79 MP: 25/36
 23018 | Lair:3   | Learned a level 6 spell: Iron Shot
 23126 | D:9      | Identified the +4 morningstar "Tuluque" {flame, Str+3}
 23737 | D:9      | Reached ***** piety under Ashenzari
 24124 | D:10     | Entered Level 10 of the Dungeon
 24260 | D:10     | Noticed Urug
 24270 | D:10     | Killed Urug
 24490 | D:10     | Found a staircase to the Orcish Mines.
 24502 | D:10     | Found a roughly hewn altar of Beogh.
 25154 | Orc:1    | Entered Level 1 of the Orcish Mines
 25594 | Orc:2    | Entered Level 2 of the Orcish Mines
 25704 | Orc:2    | Found Baag's Magic Scroll Shoppe.
 25769 | Orc:2    | Found a staircase to the Elven Halls.
 26034 | Orc:2    | Reached skill level 17 in Spellcasting
 26352 | Orc:2    | Slain by a sun demon

Vault maps used:
D:1:      dpeg_arrival_round_b, kennysheep_doodads, minmay_tetromino_i4
D:2:      lemuel_crystal_altar, kennysheep_small_spiral, kennysheep_potato
D:3:      lemuel_doored_altar, portal_sewer_entry_e
D:4:      nicolae_qazlal_general_emergency, temple_green, first_bread,
          uniq_blork_the_orc
D:5:      lemuel_coloured_pillars_altar, basic_altar, enter_ossuary_3,
          led_sif_pool
D:6:      kennysheep_ying_yang, bloody_trog
D:7:      corexii_shack_village, serial_shops, shop, nicolae_zen_rock_garden,
          the_bakery, item_on_display_a
D:8:      basic_altar, nicolae_transmutations_shop, uniq_prince_ribbit1,
          uniq_joseph, uniq_grum
D:9:      cheibrodos_frozen_isle, minmay_lair_entry_grove,
          nicolae_ru_path_of_blood
D:10:     minmay_orc_entry_temple_small, uniq_urug
Temple:   regret_index_temple_waves
Lair:1:   serial_bayou_pond_c, minmay_lair_oklob_chamber
Lair:2:   nicolae_lair_grove_arrangements, serial_bayou_shore_b
Lair:3:   elwin_shoals_entry_rooms, guppyfry_snake_entry_island,
          nicolae_volcano_entry_two_sided, beast_lair_carwin_10
Lair:4:   forest_entry_grove
Lair:5:   serial_bayou_pond_a, nicolae_quartered_pool_super
Lair:6:   evilmike_catoblepas_cave, nicolae_slime_entry_slimehenge,
          lemuel_fruit_fields
Orc:2:    grunt_orc_tribal_feast, serial_shops, shop, basic_altar
Sewer:    sewer_frog_island_01
Ossuary:  minmay_ossuary_gauntlet
Volcano:  volcano_pools

Skill      XL: |  1  2  3  4  5  6  7  8  9 10 11 12 13 14 |
---------------+-------------------------------------------+-----
Earth Magic    | 4 5 6 7 8 9 10 11 12 | 12.8
Dodging        | 3 4 5 6 |  6.5
Spellcasting   | 4 5 7 8 10 12 14 15 16 17 | 17.0
Short Blades   | 1 2 4 5 6 |  6.4
Stealth        | 3 4 5 6 7 8 |  8.7
Conjurations   | 1 2 4 6 7 8 10 11 | 11.5
Fighting       | 1 2 |  2.8
Charms         | 4 6 7 10 11 12 | 12.6
Shields        | 4 |  4.6
Transmutations | 2 |  2.2
Evocations     | 1 2 |  2.1

Action                   |  1- 3 |  4- 6 |  7- 9 | 10-12 | 13-15 || total
-------------------------+-------+-------+-------+-------+-------++-------
Melee: Dagger            |   185 |   173 |   250 |   109 |   383 ||  1100
 Cast: Sandblast         |    23 |    50 |    79 |   164 |    90 ||   406
       Stone Arrow       |       |    27 |    96 |   229 |   307 ||   659
       Passwall          |       |       |     2 |       |     2 ||     4
       Petrify           |       |       |       |     5 |     6 ||    11
       Ozocubu's Armour  |       |       |       |     2 |       ||     2
       Iskenderun's Batt |       |       |       |     2 |    39 ||    41
       Lee's Rapid Decon |       |       |       |     3 |     4 ||     7
Invok: Curse Item        |       |       |     1 |     1 |     2 ||     4
Evoke: Wand              |       |       |       |     2 |    36 ||    38
       Lightning rod     |       |       |       |       |     4 ||     4
  Use: Potion            |     1 |     3 |     2 |     1 |     2 ||     9
       Scroll            |       |    13 |     6 |     6 |     8 ||    33
 Stab: Sleeping          |     5 |     2 |    14 |    15 |    21 ||    57
       Petrified         |       |       |       |     2 |     5 ||     7
       Confused          |       |       |       |       |     2 ||     2
       Petrifying        |       |       |       |       |     2 ||     2
  Eat: Chunk             |     5 |    12 |    14 |    19 |    25 ||    75
       Royal jelly       |       |       |       |     2 |       ||     2
Armor: Robe              |    18 |    26 |    48 |    44 |    82 ||   218
Dodge: Dodged            |   135 |   106 |   126 |   116 |   127 ||   610
Block: Shield            |       |       |       |    56 |   128 ||   184
